 Dungeon Crawl Stone Soup version 0.15-a0-1472-ge546950 (webtiles) character file.

251 Crauler the Cudgeler (level 5, -10/42 HPs)
             Began as a Demonspawn Chaos Knight on June 13, 2014.
             Was a Plaything of Xom.
             Mangled by mehrheit's ghost (11 damage)
             ... on Level 4 of the Dungeon.
             The game lasted 00:12:01 (2476 turns).

Crauler the Cudgeler (Demonspawn Chaos Knight)      Turns: 2476, Time: 00:12:02

HP -10/42        AC  7     Str  8 (9)  XL: 5   Next: 88%
MP  14/14        EV 11     Int 17 (18) God: Xom
Gold 140         SH  0     Dex 13      Spells:  0 memorised,  4 levels left

rFire  . . .     SeeInvis .     l - +1,+2 whip (venom)
rCold  . . .     Clarity  .     b - +3 leather armour
rNeg   . . .     rCorr    .     (no shield)
rPois  .         rRot     .     (helmet restricted)
rElec  .         Spirit   .     f - +0 cloak
SustAb .         Warding  .     (no gloves)
rMut   .         Rnd*Tele +     (no boots)
Gourm  .                        (no amulet)
MR     .....                    m - cursed ring of teleportation
                                d - ring of magical power

@: brilliant, not resistant to hostile enchantments, very unstealthy
A: horns 2, deterioration 1, powered by death 1, weak 2
a: Renounce Religion, Evoke Teleportation


You were on level 4 of the Dungeon.
You worshipped Xom.
You were a very special plaything of Xom.
You were not hungry.

You visited 1 branch of the dungeon, and saw 4 of its levels.

You collected 140 gold pieces.

Inventory:

Hand weapons
 a - a +0,+0 mace of chaos
 l - a +1,+2 whip of venom (weapon)
Missiles
 p - 12 tomahawks (quivered)
Armour
 b - a +3 leather armour (worn)
 f - a +0 cloak (worn)
Comestibles
 c - 4 bread rations
 h - 2 fruits
 i - a royal jelly
 n - 3 meat rations
Scrolls
 e - a scroll of amnesia
Jewellery
 d - a ring of magical power (left hand)
 m - a cursed ring of teleportation (right hand)
Potions
 k - a potion of restore abilities {unknown}


   Skills:
 + Level 3.8 Fighting
 * Level 3.9 Maces & Flails
 * Level 3.1 Armour
 * Level 2.9 Dodging


You had 4 spell levels left.
You didn't know any spells.

Dungeon Overview and Level Annotations

Branches:
Dungeon (4/15)
 Temple: D:4-7

Altars:
Xom

Annotations:
D:4 mehrheit's ghost, average GrGl


Innate Abilities, Weirdness & Mutations

You have a pair of horns on your head.
You can steal the life force of nearby defeated enemies.
Your body is slowly deteriorating.
You are very weak. (Str -4)


Message History

Mehrheit's ghost hits you.
You barely miss mehrheit's ghost. You headbutt mehrheit's ghost.
Mehrheit's ghost is severely damaged.
Mehrheit's ghost hits you.
You closely miss mehrheit's ghost.
Mehrheit's ghost is severely damaged.
Mehrheit's ghost hits you!
* * * LOW HITPOINT WARNING * * *
Your leather armour prevents you from hitting mehrheit's ghost.
You headbutt mehrheit's ghost, but do no damage.
Mehrheit's ghost is severely damaged.
Mehrheit's ghost closely misses you.
You closely miss mehrheit's ghost. Your headbutt misses mehrheit's ghost.
Mehrheit's ghost is severely damaged.
Mehrheit's ghost closely misses you.
You hit mehrheit's ghost but do no damage.
Mehrheit's ghost is severely damaged.
Mehrheit's ghost hits you!
You die...
Xom roars with laughter!

.. ### #.##
.... ...
###..##.######⌠
..............+
#..# ##.# #W%#
#.@# #..# ###.#
. . ...
.###...# #.#
#...# .......#
#.# ...#
#.##.#.# #.#
#..# .....#.#
#.# ..#
#.##.#.# #.# ..


You could see mehrheit's ghost.

Vanquished Creatures
  An ogre (D:3)
  A worker ant (D:4)
  A giant mite (D:3)
  5 adders (D:2)
  2 giant geckos (D:1)
  An ooze (D:3)
  10 orcs (D:3)
  2 ball pythons
  5 giant cockroaches
  3 hobgoblins
  A quokka (D:4)
  6 bats
  A giant newt (D:1)
  13 goblins
  3 jackals (D:3)
  12 kobolds
  9 rats
76 creatures vanquished.

Notes
Turn   | Place    | Note
--------------------------------------------------------------
     0 | D:1      | Crauler, the Demonspawn Chaos Knight, began the quest for the Orb.
     0 | D:1      | Reached XP level 1. HP: 18/18 MP: 1/1
    14 | D:1      | Reached skill level 1 in Dodging
   111 | D:1      | Gained mutation: You can steal the life force of nearby defeated enemies. [demonic ancestry]
   111 | D:1      | Reached XP level 2. HP: 14/24 MP: 2/2
   223 | D:1      | XOM: silly message
   226 | D:1      | XOM: mild Pois miscast
   422 | D:1      | XOM: harmless Fire miscast
   578 | D:1      | XOM: divination: detect creatures
   607 | D:2      | Gained mutation: You have a pair of small horns on your head. [demonic ancestry]
   607 | D:2      | Reached XP level 3. HP: 22/29 MP: 3/3
   824 | D:2      | Reached XP level 4. HP: 21/35 MP: 4/4
   887 | D:2      | XOM: vitrification
  1057 | D:2      | XOM: give mutations
  1057 | D:2      | Gained mutation: Your body is slowly deteriorating. [Xom's mischief]
  1057 | D:2      | Gained mutation: You are weak. (Str -2) [Xom's mischief]
  1057 | D:2      | Gained mutation: You are very weak. (Str -4) [Xom's mischief]
  1201 | D:2      | Found a shimmering altar of Xom.
  1492 | D:3      | Noticed an ogre
  1492 | D:3      | XOM: enchant monster (bad)
  1501 | D:3      | XOM: potion effect (haste)
  1513 | D:3      | XOM: potion effect (brilliance)
  1527 | D:3      | Killed an ogre
  1527 | D:3      | Gained mutation: You have a pair of horns on your head. [demonic ancestry]
  1527 | D:3      | Reached XP level 5. HP: 18/42 MP: 5/5
  2374 | D:4      | XOM: harmless Erth miscast
  2430 | D:4      | XOM: harmless Ice miscast
  2447 | D:4      | Noticed mehrheit's ghost (average GrGl)
  2455 | D:4      | XOM: confuse monster(s)
  2463 | D:4      | XOM: potion effect (brilliance)
  2465 | D:4      | XOM: cast spell 'Discord'
  2467 | D:4      | XOM: silly message
  2473 | D:4      | HP: 1/42 [mehrheit's ghost (13)]
  2476 | D:4      | Mangled by mehrheit's ghost

Action                   |  1- 3 |  4- 6 || total
-------------------------+-------+-------++-------
Melee: Mace              |   110 |     7 ||   117
       Whip              |       |   109 ||   109
  Use: Scroll            |     2 |     4 ||     6
       Potion            |     2 |     4 ||     6
